 Dungeon Crawl Stone Soup version 0.25-b1-37-g2669288c55 (webtiles) character file.

Game seed: 18349242759506364790

131840 tobi4572 the Minotaur Blade (level 16, -16/147 HPs)
             Began as a Minotaur Berserker on June 6, 2020.
             Was the Champion of Trog.
             Blown up by an orb spider (47 damage)
             ... with an orb of destruction
             ... on level 4 of the Spider Nest.
             The game lasted 01:18:38 (30864 turns).

tobi4572 the Minotaur Blade (Minotaur Berserker)   Turns: 30864, Time: 01:18:39

Health: -16/147    AC: 22    Str: 32    XL:     16   Next: 56%
Magic:  15/15      EV: 23    Int:  4    God:    Trog [******]
Gold:   1951       SH:  0    Dex: 26    Spells: 15/15 levels left

rFire    . . .     SeeInvis .   M - +7 great sword of Cataclysm {vorpal, rElec rPois MR- Dex+4}
rCold    . . .     Gourm    .   (shield currently unavailable)
rNeg     . . .     Faith    .   H - +5 plate armour "Atry" {Str+3}
rPois    +         Spirit   .   (helmet restricted)
rElec    +         Reflect  .   F - scarf {repulsion}
rCorr    .         Harm     .   a - +0 pair of gloves
MR       .....                  (no boots)
Stlth    ..........             y - amulet of magic regeneration
HPRegen  0.34/turn              d - +6 ring of strength
MPRegen  0.39/turn              e - +6 ring of dexterity

@: repel missiles
A: retaliatory headbutt, horns 2
a: Berserk, Trog's Hand, Brothers in Arms, Renounce Religion


You were on level 4 of the Spider Nest.
You worshipped Trog.
Trog was exalted by your worship.
You were not hungry.

You visited 4 branches of the dungeon, and saw 24 of its levels.
You also visited: Ossuary and Ice Cave.

You collected 3513 gold pieces.
You spent 1562 gold pieces at shops.

Inventory:

Hand Weapons
 x - the +11 double sword "Samacverch" {antimagic, *Corrode +Inv rElec MR++}
   (Trog gifted it to you on level 1 of the Spider Nest)

   It reduces the magical energy of the wielder, and disrupts the spells and
   magical abilities of those hit.
   Natural abilities and divine invocations are not affected.
   It insulates you from electricity.
   It affects your resistance to hostile enchantments.
   It lets you turn invisible.
   It may corrode you when you take damage.
 M - the +7 great sword of Cataclysm (weapon) {vorpal, rElec rPois MR- Dex+4}
   (You bought it in a shop on level 2 of the Orcish Mines)

   It inflicts extra damage upon your enemies.
   It affects your dexterity (+4).
   It insulates you from electricity.
   It protects you from poison.
   It affects your resistance to hostile enchantments.
 P - a +9 demon blade of flaming
 W - a +0 antimagic triple sword
Armour
 a - a +0 pair of gloves (worn)
 F - a scarf of repulsion (worn)
 G - a +0 buckler
 H - the +5 plate armour "Atry" (worn) {Str+3}
   (You bought it in a shop on level 2 of the Orcish Mines)

   It affects your strength (+3).
Jewellery
 b - an uncursed ring of poison resistance
 d - a +6 ring of strength (left hand)
 e - a +6 ring of dexterity (right hand)
 y - an amulet of magic regeneration (around neck)
 A - an uncursed ring of ice
 J - a +4 ring of evasion
 L - an uncursed ring of ice
 O - an uncursed ring of resist corrosion
 X - an uncursed ring of protection from cold
 Z - an uncursed ring of flight
Wands
 f - a wand of flame (13)
 q - a wand of digging (9)
 S - a wand of clouds (7)
 T - a wand of enslavement (4)
Scrolls
 g - 2 scrolls of remove curse
 i - 5 scrolls of teleportation
 j - 7 scrolls of magic mapping
 k - 4 scrolls of enchant armour {unknown}
 o - 17 scrolls of identify
 w - a scroll of noise {unknown}
 B - 5 scrolls of brand weapon {unknown}
 C - a scroll of holy word {unknown}
 N - 2 scrolls of fear {unknown}
 Q - 4 scrolls of fog
 R - 2 scrolls of enchant weapon
 U - a scroll of blinking {unknown}
 V - a scroll of torment {unknown}
 Y - a scroll of vulnerability {unknown}
Potions
 l - 3 potions of stabbing {unknown}
 n - a potion of berserk rage {unknown}
 r - 3 potions of heal wounds
 s - 3 potions of flight {unknown}
 t - 10 potions of curing
 u - a potion of ambrosia {unknown}
 v - 2 potions of magic {unknown}
 z - 4 potions of haste
 D - 3 potions of invisibility
 E - a potion of brilliance {unknown}
 I - 4 potions of might
 K - a potion of mutation {unknown}
Comestibles
 c - 27 rations


   Skills:
 + Level 14.7 Fighting
 + Level 21.4 Long Blades
 - Level 12.2 Armour
 + Level 16.6 Dodging
 - Level 0.5 Stealth
 - Level 7.7 Shields


You had 15 spell levels left.
You didn't know any spells.
Your spell library contained the following spells:

 Spells                   Type           Power        Failure   Level  Hunger
 Ice Form                 Ice/Tmut       #.......     100%        4    #####..
 Metabolic Englaciation   Hex/Ice        #.........   100%        5    ######.
 Freezing Cloud           Conj/Ice/Air   #.........   100%        6    #######
 Ozocubu's Refrigeration  Ice            #.........   100%        6    #######
 Simulacrum               Ice/Necr       #.........   100%        6    #######


Dungeon Overview and Level Annotations

Branches:
Dungeon (12/15)            Temple (0/1) D:7            Lair (6/6) D:11
 Shoals (0/4) Lair:4       Spider (4/4) Lair:4        Slime (0/5) Lair:6
    Orc (2/2) D:12            Elf (0/3) Orc:2       Ossuary (visited)
  IceCv (visited)

Altars:
Fedhas
Makhleb
Okawaru
Sif Muna
Vehumet
Wu Jian
Yredelemnul
Zin
Beogh

Shops:
D:9 *   Orc:2 *[((!


Innate Abilities, Weirdness & Mutations

You reflexively headbutt those who attack you in melee.
You have a pair of horns on your head.


Message History

The orb of destruction hits you!!!
The orb spider weaves a glowing orb of energy.
An orb of destruction comes into view.
The orb spider weaves a glowing orb of energy.
An orb of destruction comes into view.
The orb of destruction hits you!!
The orb spider pulsates with a strange energy.
The orb spider pulsates with a strange energy.
The orb spider begins to weave its threads into a brightly glowing ball.
The orb spider weaves a glowing orb of energy.
An orb of destruction comes into view.
The orb spider weaves a glowing orb of energy. x2 2 orbs of destruction come into view.
The wavering orb of destruction hits the orb spider!!!
The orb spider spins a strand of pure energy.
The orb of destruction hits you!!!
* * * LOW HITPOINT WARNING * * *
The orb spider pulsates with a strange energy.
The orb of destruction hits you!!!
You die...

..##......≈^....##
..#≈..≈#.≈..≈....#
.....^...≈...#...##
.....#≈≈≈≈....#...#
.....≈≈≈≈≈≈..^^...##
..#..≈≈...≈≈≈≈≈.#..#
.^#..≈≈.#..ss○○....#
.....≈..#.s#s○○...##
....≈≈.....○.≈○☼@.#
....≈≈≈≈..#.s≈..^##
.....≈≈≈≈≈#≈≈≈.≈.#
.≈..≈.≈≈≈≈≈≈≈≈...#
.....[≈..≈≈≈≈....#
≈≈..^^...#
≈^.#.....#
........## ........#


You could see 5 orb spiders.

Vanquished Creatures
  Rupert (Orc:2)
  Kirke (Lair:5)
  A frost giant (IceCv)
  2 ghost moths
  An orc warlord (Orc:2)
  5 emperor scorpions
  An entropy weaver (Spider:3)
  A spark wasp (Spider:3)
  An ettin (Orc:1)
  The ghost of sand the Cleaver, a journeyman HOFi of Nemelex Xobeh (Orc:2)
  An ogre mage (Orc:2)
  7 hydras
  3 catoblepae (Lair:6)
  3 two-headed ogres
  Urug (Lair:1)
  6 death yaks
  3 orc high priests
  Sonja (Lair:3)
  2 unseen horrors (D:12)
  12 orb spiders
  An ugly thing (D:11)
  25 wolf spiders
  2 cyclopes
  An oklob plant (Lair:4)
  2 orc sorcerers
  2 manticores (Lair:6)
  20 elephants
  Joseph (D:9)
  2 black mambas
  2 moths of wrath (Spider:4)
  4 torpor snails
  An ice statue (IceCv)
  A merfolk siren (Lair:4)
  2 gargoyles (D:10)
  11 spiny frogs
  4 rime drakes
  5 komodo dragons
  8 demonic crawlers
  A troll (Orc:2)
  24 polar bears
  6 hornets
  33 jumping spiders
  Prince Ribbit (Lair:3)
  19 blink frogs
  9 hippogriffs
  71 redbacks
  23 tarantellas
  A wraith (D:11)
  4 wyverns
  52 yaks
  2 hogs (Lair:5)
  2 basilisks
  5 wargs
  10 porcupines
  6 water moccasins
  34 orc warriors
  3 sky beasts
  10 ice beasts
  7 black bears
  A phantom (D:4)
  12 ogres
  An eye of draining (D:8)
  A necrophage (D:10)
  29 wolves
  9 centaurs
  8 crocodiles
  7 big kobolds
  16 bullfrogs
  A wyvern zombie (D:11)
  2 scorpions
  4 killer bees (D:11)
  3 wights (D:11)
  10 howler monkeys
  4 electric eels
  6 crimson imps
  3 centaur zombies
  2 bullfrog zombies (D:9)
  7 hounds
  12 orc priests
  A human zombie (Ossuary)
  7 jellies
  4 centaur skeletons
  23 orc wizards
  2 bullfrog skeletons
  Natasha (thrice) (D:3)
  11 worker ants
  A centaur simulacrum (D:11)
  2 bullfrog simulacra (D:11)
  A big kobold zombie (Ossuary)
  A hound zombie (D:5)
  3 mummies (Ossuary)
  2 worker ant zombies
  A howler monkey skeleton (D:5)
  7 gnolls
  7 adders
  A hound simulacrum (D:11)
  2 shadow imps
  6 white imps (D:11)
  An ufetubus (D:11)
  3 oozes (Lair:6)
  An adder skeleton (D:8)
  A worm (D:2)
  A dart slug (D:4)
  4 leopard geckos
  88 orcs
  4 ball pythons
  8 bats
  3 giant cockroaches
  A gnoll zombie (Ossuary)
  7 goblins
  7 hobgoblins
  23 kobolds
  3 quokkas
  5 frilled lizards
  A goblin zombie (Ossuary)
  A jackal skeleton (D:7)
  2 kobold zombies (Ossuary)
  A leopard gecko skeleton (D:5)
  An orc zombie (Ossuary)
  A quokka skeleton (D:5)
  7 rats
  3 plants
871 creatures vanquished.

Vanquished Creatures (collateral kills)
  An emperor scorpion (Spider:4)
  An entropy weaver (Spider:2)
  2 orb spiders (Spider:4)
  A jumping spider (Spider:4)
  3 redbacks (Spider:4)
  4 tarantellas
12 creatures vanquished.

Vanquished Creatures (others)
  An anaconda (Lair:6)
  A tarantella (Spider:4)
  An iguana (D:5)
  19 fungi
  14 plants
  3 toadstools (D:2)
39 creatures vanquished.

Grand Total: 922 creatures vanquished

Notes
Turn   | Place    | Note
-------+----------+-------------------------------------------
     0 | D:1      | tobi4572 the Minotaur Berserker began the quest for the
                  | Orb.
     0 | D:1      | Reached XP level 1. HP: 19/19 MP: 0/0
   112 | D:1      | Reached skill level 4 in Long Blades
   172 | D:1      | Reached XP level 2. HP: 26/26 MP: 1/1
   817 | D:2      | Reached ** piety under Trog
   820 | D:2      | Reached skill level 5 in Long Blades
   898 | D:2      | Reached XP level 3. HP: 31/31 MP: 2/2
  1324 | D:2      | Reached skill level 6 in Long Blades
  1324 | D:2      | Reached XP level 4. HP: 7/39 MP: 3/3
  2049 | D:3      | Noticed Natasha
  2053 | D:3      | Killed Natasha
  2389 | D:3      | Noticed Natasha
  2397 | D:3      | Killed Natasha
  2397 | D:3      | Reached skill level 7 in Long Blades
  2397 | D:3      | Reached XP level 5. HP: 39/45 MP: 4/4
  2453 | D:3      | Found a blossoming altar of Fedhas.
  2456 | D:3      | Found a shimmering blue altar of Sif Muna.
  2639 | D:3      | Noticed Natasha
  2648 | D:3      | Killed Natasha
  2912 | D:3      | Reached *** piety under Trog
  3350 | D:4      | Reached skill level 8 in Long Blades
  3350 | D:4      | Reached XP level 6. HP: 21/51 MP: 5/5
  3702 | D:4      | Found a basalt altar of Yredelemnul.
  3961 | D:4      | Reached skill level 9 in Long Blades
  3961 | D:4      | Reached XP level 7. HP: 42/57 MP: 6/6
  4371 | D:5      | Entered Level 5 of the Dungeon
  4814 | D:5      | Reached skill level 10 in Long Blades
  5153 | D:5      | Found an iron altar of Okawaru.
  5260 | D:5      | Found a burning altar of Makhleb.
  5452 | D:5      | Found a radiant altar of Vehumet.
  5725 | D:6      | Reached skill level 5 in Dodging
  5725 | D:6      | Reached XP level 8. HP: 48/64 MP: 7/7
  5928 | D:6      | Found a sand-covered staircase.
  5937 | Ossuary  | Entered an ossuary
  5956 | Ossuary  | Reached **** piety under Trog
  6028 | Ossuary  | Reached skill level 11 in Long Blades
  6229 | D:6      | Found an ornate altar of the Wu Jian Council.
  6401 | D:6      | Found a glowing silver altar of Zin.
  7049 | D:7      | Reached skill level 12 in Long Blades
  7136 | D:7      | Reached XP level 9. HP: 27/70 MP: 8/8
  7475 | D:7      | Found a staircase to the Ecumenical Temple.
  8144 | D:7      | Reached skill level 1 in Shields
  8252 | D:8      | Reached skill level 13 in Long Blades
  8654 | D:8      | Reached ***** piety under Trog
  8912 | D:8      | Found a radiant altar of Vehumet.
  9143 | D:9      | Found Hasuciotui's Assorted Antiques.
  9147 | D:9      | Bought a small steel ring for 125 gold pieces
  9261 | D:9      | Reached XP level 10. HP: 77/77 MP: 9/9
  9264 | D:9      | Reached skill level 14 in Long Blades
  9569 | D:9      | Noticed Joseph
  9579 | D:9      | Killed Joseph
 10213 | D:10     | Entered Level 10 of the Dungeon
 10395 | D:10     | Noticed a two-headed ogre
 10403 | D:10     | Killed a two-headed ogre
 10403 | D:10     | Reached skill level 10 in Dodging
 10405 | D:10     | Noticed a gargoyle
 10412 | D:10     | Killed a gargoyle
 10549 | D:10     | Noticed a gargoyle
 10558 | D:10     | Killed a gargoyle
 11000 | D:11     | Reached XP level 11. HP: 71/85 MP: 10/10
 11211 | D:11     | Reached skill level 5 in Fighting
 11347 | D:11     | Noticed a cyan ugly thing
 11363 | D:11     | Killed a cyan ugly thing
 11882 | D:11     | Received a gift from Trog
 12039 | D:11     | Noticed a seven-headed hydra
 12045 | D:11     | Killed a four-headed hydra
 12045 | D:11     | Reached skill level 15 in Long Blades
 12045 | D:11     | Reached skill level 5 in Armour
 12216 | D:11     | Found a staircase to the Lair.
 12927 | Lair:1   | Entered Level 1 of the Lair of Beasts
 13016 | Lair:1   | Noticed Urug
 13028 | Lair:1   | Killed Urug
 14673 | Lair:3   | Reached XP level 12. HP: 59/100 MP: 11/11
 14965 | Lair:3   | Noticed Sonja
 14974 | Lair:3   | Noticed a six-headed hydra
 14977 | Lair:3   | Killed Sonja
 14982 | Lair:3   | Killed a four-headed hydra
 14982 | Lair:3   | Reached skill level 16 in Long Blades
 15187 | Lair:3   | Noticed a four-headed hydra
 15198 | Lair:3   | Killed a one-headed hydra
 15207 | Lair:3   | Received a gift from Trog
 15440 | Lair:3   | Noticed Prince Ribbit
 15446 | Lair:3   | Killed Prince Ribbit
 15934 | Lair:4   | Found a hole to the Spider Nest.
 16164 | Lair:4   | Reached skill level 17 in Long Blades
 16271 | Lair:4   | Found a staircase to the Shoals.
 16415 | Lair:4   | Noticed a death yak
 16423 | Lair:4   | Killed a death yak
 16738 | Lair:4   | Reached XP level 13. HP: 109/111 MP: 12/12
 17456 | Lair:5   | Noticed Kirke
 17468 | Lair:5   | Killed Kirke
 17896 | Lair:6   | Entered Level 6 of the Lair of Beasts
 17901 | Lair:6   | Received a gift from Trog
 17928 | Lair:6   | Reached skill level 10 in Fighting
 18099 | Lair:6   | Reached skill level 18 in Long Blades
 18514 | Lair:6   | Reached skill level 10 in Armour
 18713 | Lair:6   | Reached XP level 14. HP: 122/122 MP: 13/13
 18996 | Lair:6   | Got a crystal long sword
 19003 | Lair:6   | Identified the cursed +3 long sword of Watchfulness
                  | {freeze, *Drain MR+ Int+9} (You found it on level 6 of the
                  | Lair of Beasts)
 19124 | Lair:6   | Found a staircase to the Slime Pits.
 19148 | Lair:6   | Reached ****** piety under Trog
 19473 | Lair:6   | Received a gift from Trog
 20389 | D:12     | Reached skill level 19 in Long Blades
 20634 | D:12     | Found a radiant altar of Vehumet.
 20635 | D:12     | Found a frozen archway.
 20665 | IceCv    | Entered an ice cave
 21122 | IceCv    | Received a gift from Trog
 21280 | IceCv    | Noticed a frost giant
 21293 | IceCv    | Killed a frost giant
 22005 | D:12     | Found a staircase to the Orcish Mines.
 22216 | Orc:1    | Entered Level 1 of the Orcish Mines
 22562 | Orc:2    | Entered Level 2 of the Orcish Mines
 22576 | Orc:2    | Noticed Rupert
 22587 | Orc:2    | Killed Rupert
 22855 | Orc:2    | Found a transporter.
 22855 | Orc:2    | Noticed sand's ghost (journeyman HOFi)
 22879 | Orc:2    | Received a gift from Trog
 22886 | Orc:2    | Found a roughly hewn altar of Beogh.
 22887 | Orc:2    | Found Jusouzxe's Antique Weapon Shoppe.
 23073 | Orc:2    | Found Xaovu's Distillery.
 23081 | Orc:2    | Bought a potion of heal wounds for 75 gold pieces
 23081 | Orc:2    | Bought a potion of might for 60 gold pieces
 23098 | Orc:2    | Found a staircase to the Elven Halls.
 23185 | Orc:2    | Found a roughly hewn altar of Beogh.
 23212 | Orc:2    | Found a roughly hewn altar of Beogh.
 23255 | Orc:2    | Found a roughly hewn altar of Beogh.
 23275 | Orc:2    | Found a transporter.
 23287 | Orc:2    | Found a roughly hewn altar of Beogh.
 23462 | Orc:2    | Reached skill level 15 in Dodging
 23593 | Orc:2    | Found a roughly hewn altar of Beogh.
 23601 | Orc:2    | Found Sosilyph's General Store.
 23610 | Orc:2    | Bought the +5 plate armour "Atry" {Str+3} for 735 gold
                  | pieces
 23663 | Orc:2    | Found a roughly hewn altar of Beogh.
 23778 | Orc:2    | Reached XP level 15. HP: 133/133 MP: 14/14
 23792 | Orc:2    | Noticed an orc warlord
 23819 | Orc:2    | Reached skill level 20 in Long Blades
 23826 | Orc:2    | Killed an orc warlord
 23827 | Orc:2    | Found Daelee Ucuwn's Antique Armour Shop.
 23829 | Orc:2    | Found a roughly hewn altar of Beogh.
 23842 | Orc:2    | Found Nyrotrun's Antique Weapon Boutique.
 23852 | Orc:2    | Bought a transparent great sword for 402 gold pieces
 23858 | Orc:2    | Bought a shiny tower shield for 165 gold pieces
 23863 | Orc:2    | Identified the +7 great sword of Cataclysm {vorpal, rElec
                  | rPois MR- Dex+4} (You bought it in a shop on level 2 of the
                  | Orcish Mines)
 24041 | Orc:2    | Killed sand's ghost
 24947 | Spider:1 | Entered Level 1 of the Spider Nest
 25081 | Spider:1 | Received a gift from Trog
 25084 | Spider:1 | Got a jewelled double sword {god gift}
 25158 | Spider:1 | Identified the +11 double sword "Samacverch" {antimagic,
                  | *Corrode +Inv rElec MR++} (Trog gifted it to you on level 1
                  | of the Spider Nest)
 25765 | Spider:1 | Reached skill level 5 in Shields
 26418 | Spider:2 | Received a gift from Trog
 27817 | Spider:3 | Killed a ghost moth
 28139 | Spider:4 | Entered Level 4 of the Spider Nest
 28148 | Spider:4 | Reached XP level 16. HP: 129/144 MP: 15/15
 28291 | Spider:4 | Received a gift from Trog
 28688 | Spider:4 | Reached skill level 21 in Long Blades
 28704 | Spider:4 | HP: 3/145 [disintegration (44)]
 30129 | Spider:4 | Received a gift from Trog
 30864 | Spider:4 | Blown up by an orb spider

Illustrated notes

Levels and vault maps discovered:
D:1:      scummos_arrival_gate, layout_basic
D:2:      wander_river, layout_basic, first_ration, minmay_gold_behind_fungi
D:3:      layout_basic, grunt_temple_overflow_open, uniq_natasha
D:4:      layout_loops_cross, yredelemnul_altar_generic
D:5:      layout_basic, fiery_altar_vehumet, basic_altar,
          makhleb_blood_cavern_becter
D:6:      layout_gridville, kennysheep_mini_moat, overflow_temple_1_default,
          chequers_ossuary_entry_cave, minmay_crystal_water,
          hangedman_decor_clover_reticule, bh_walls_and_bars
D:7:      layout_basic, minmay_temple_entry_slanted
D:8:      layout_basic, basic_altar
D:9:      minmay_bloctagon, layout_loops_corners, serial_shops, shop,
          blue_anna_alchemist [blue_anna_fruit_fields, blue_anna_fruit_fields],
          uniq_joseph
D:10:     layout_rooms
D:11:     layout_basic, grunt_lair_entry_orc_guard_hut, serial_ice,
          serial_ice_n, serial_ice_f, serial_ice_m, serial_ice_o, serial_ice_a,
          serial_ice_e, serial_ice_c, nicolae_lava_and_water
D:12:     layout_long_grid, orc_0_dummy, portal_ice_cave_entry_ice_beasts,
          lemuel_statue_altar
Lair:1:   layout_regular_city, serial_bayou_shore_a, uniq_urug
Lair:2:   beast_lair_carwin_large_3, layout_cave_pods
Lair:3:   layout_gridlike, st_stairs_11, uniq_sonja, uniq_prince_ribbit2
Lair:4:   layout_regular_city, minmay_shoals_entry_lonely_mermaid,
          spider_nest_entry_rubble, grunt_megastairs_3
Lair:5:   layout_long_grid, uniq_kirke
Lair:6:   evilmike_catoblepas_cave, layout_regular_city,
          nicolae_slime_entry_slimehenge, lemuel_fruit_fields,
          grunt_megastairs_2
Spider:1: layout_spider_delve, hangedman_spider_trapstep
Spider:2: layout_spider_delve, drop_trap
Spider:3: layout_spider_delve
Spider:4: grunt_spider_rune_circles, nicolae_orb_island
Orc:1:    layout_caves
Orc:2:    grunt_orc_community_town_hall, layout_diamond_mine,
          grunt_orc_community_big_house_2, grunt_orc_community_big_house_1,
          grunt_orc_community_house_1, grunt_orc_community_house_3,
          grunt_orc_community_house_3, grunt_orc_community_house_1,
          grunt_orc_community_house_2, grunt_orc_community_house_3,
          gammafunk_ghost_arena, serial_shops, nicolae_shop_trees,
          mines4_lemuel, uniq_rupert

Skill      XL: |  1  2  3  4  5  6  7  8  9 10 11 12 13 14 15 16 |
---------------+-------------------------------------------------+-----
Long Blades    | 4 5 6 7 8 9 10 12 13 14 15 17 18 19 20 21 | 21.4
Dodging        | 3 5 6 8 11 12 13 14 15 16 | 16.6
Shields        | 4 7 |  7.7
Fighting       | 4 7 9 10 12 13 14 | 14.7
Armour         | 3 6 8 10 11 12 | 12.2
Stealth        | |  0.5

Action                   |  1- 3 |  4- 6 |  7- 9 | 10-12 | 13-15 | 16-18 || total
-------------------------+-------+-------+-------+-------+-------+-------++-------
Melee: Falchion          |    50 |    86 |   200 |       |       |       ||   336
       Headbutt          |    12 |    21 |    89 |   125 |   321 |    51 ||   619
       Scimitar          |       |       |    72 |   234 |       |       ||   306
       Demon blade       |       |       |       |   212 |   725 |       ||   937
       Great sword       |       |       |       |       |   122 |   144 ||   266
       Double sword      |       |       |       |       |    77 |       ||    77
Invok: Berserk           |     1 |     4 |     5 |    10 |    16 |     2 ||    38
       Trog's Hand       |       |       |       |       |     3 |       ||     3
       Brothers in Arms  |       |       |       |       |     1 |     1 ||     2
  Use: Scroll            |       |       |     4 |    16 |     2 |       ||    22
       Potion            |       |       |       |       |     6 |     1 ||     7
 Stab: Sleeping          |       |       |     3 |       |       |       ||     3
       Distracted        |       |       |     1 |       |     1 |     1 ||     3
  Eat: Chunk             |     1 |     6 |    11 |    24 |    32 |     1 ||    75
       Ration            |       |     2 |     3 |     3 |     6 |     3 ||    17
Armor: Leather armour    |     6 |    14 |    26 |    29 |    11 |       ||    86
       Plate armour      |       |       |       |       |   308 |    80 ||   388
Dodge: Dodged            |    35 |    61 |   174 |   350 |   600 |   166 ||  1386
       Repelled          |       |       |       |       |    10 |       ||    10
Block: Buckler           |       |       |    16 |    86 |    97 |       ||   199
       Tower shield      |       |       |       |       |   213 |       ||   213
       Rpst.: Falchion   |     9 |    14 |    33 |       |       |       ||    56
       Scimitar          |       |       |    15 |    38 |       |       ||    53
       Demon blade       |       |       |       |    45 |   105 |       ||   150
       Great sword       |       |       |       |       |    24 |    28 ||    52
       Double sword      |       |       |       |       |     7 |       ||     7
